 Dungeon Crawl Stone Soup version 0.22-a0-136-g83a10e5 (webtiles) character file.

81 mhoghedin the Skirmisher (level 4, 0/38 HPs)
             Began as a Draconian Wizard on Feb 4, 2018.
             Slain by an orc warrior
             ... wielding a +0 halberd
              (9 damage)
             ... on level 3 of the Dungeon.
             The game lasted 00:04:45 (2677 turns).

mhoghedin the Skirmisher (Draconian Wizard)         Turns: 2677, Time: 00:04:46

Health: 0/38       AC:  5    Str:  9    XL:     4   Next: 20%
Magic:  8/8        EV: 11    Int: 25    God:
Gold:   77         SH:  5    Dex:  9    Spells: 4/9 levels left

rFire    . . .     SeeInvis .   e - +0 whip
rCold    . . .     Gourm    .   g - +2 buckler
rNeg     . . .     Faith    .   (armour unavailable)
rPois    .         Spirit   .   a - +0 hat
rElec    .         Reflect  .   (no cloak)
rCorr    .         Harm     .   (no gloves)
MR       .....                  (no boots)
Stlth    ++........             (no amulet)
HPRegen  0.12/turn              (no ring)
MPRegen  0.11/turn              (no ring)

@: brilliant, lethally poisoned (0 -> -3)
A: unfitting armour, cold-blooded, AC +5
a: no special abilities


You were on level 3 of the Dungeon.
You were not hungry.

You visited 1 branch of the dungeon, and saw 3 of its levels.

You collected 77 gold pieces.

Inventory:

Hand Weapons
 e - a +0 whip (weapon)
   (You found it on level 1 of the Dungeon)
Armour
 a - a +0 hat (worn)
 g - a +2 buckler (worn)
   (You found it on level 1 of the Dungeon)
Scrolls
 d - 2 scrolls of magic mapping {!r}
 f - a scroll of noise {unknown}
 i - a scroll of teleportation {unknown}
 j - a scroll of enchant weapon {unknown}
 k - 2 scrolls of amnesia {unknown}
 n - a scroll of identify {unknown}
Potions
 l - a potion of heal wounds {unknown}
 m - a potion of curing {unknown}
 p - a potion of lignification {unknown}
Books
 b - a book of Minor Magic
 o - a book of Cantrips
   (You found it on level 2 of the Dungeon)
Comestibles
 c - 2 rations
 q - 2 chunks of flesh {@w0}


   Skills:
 + Level 3.4 Fighting
 - Level 1.7 Dodging
 - Level 1.7 Stealth
 + Level 2.1 Shields
 - Level 3.0 Spellcasting
 - Level 1.0 Conjurations
 - Level 1.0 Summonings
 - Level 1.0 Translocations


You had 4 spell levels left.
You knew the following spells:

 Your Spells              Type           Power        Failure   Level  Hunger
a - Magic Dart            Conj           ###.         1%          1    None
b - Blink                 Tloc           N/A          1%          2    ##.....
c - Call Imp              Summ           ###.....     1%          2    ##.....


Dungeon Overview and Level Annotations

Branches:
Dungeon (3/15)

Altars:
Dithmenos
Okawaru


Innate Abilities, Weirdness & Mutations

Your plain brown scales are hard. (AC +5)
You cannot fit into any form of body armour.
You are cold-blooded and may be slowed by cold attacks.


Message History

You hit the ooze.
The ooze jiggles.
The ooze hits you.
You take 3 damage, and have 35/38 hp.
You hit the ooze. The ooze barely misses you.
You hit the ooze but do no damage. You tail-slap the ooze. The ooze hits you.
You take 2 damage, and have 33/38 hp.
You hit the ooze.
You kill the ooze!
Your Shields skill increases to level 2!
No target in view!
No target in view!
No target in view!
No target in view!
No target in view!
No target in view!
No target in view!
No target in view!
No target in view!
No target in view!
No target in view!
No target in view!
No target in view!
No target in view!
A rat and a worm come into view.
The rat moves out of view.
A worm is nearby!
You block the rat's attack.
You hit the rat.
You kill the rat!
You hit the worm. You block the worm's attack.
You barely miss the worm.
Your tail-slap misses the worm.
You barely miss the worm. The worm barely misses you.
You hit the worm. The worm bites you.
You take 3 damage, and have 31/38 hp.
You hit the worm. You hit the worm. The worm bites you!
You take 10 damage, and have 21/38 hp.
MASSIVE DAMAGE!!
You hit the worm. You block the worm's attack.
You hit the worm but do no damage. You barely miss the worm.
The worm misses you.
You hit the worm.
You kill the worm!
You see here a worm corpse.
You see here a worm corpse.
You butcher the worm corpse.
q - 2 chunks of flesh {@w0} You start resting.
Health restored: 38 A quokka and an orc come into view.
There are monsters nearby!
An orc and an orc warrior come into view.
The orc warrior shouts!
You hear an angry hiss.
The orc shouts! x2
An orc wizard comes into view. It is wielding a dagger.
The orc wizard shouts!
An orc comes into view. It is wielding a club.
You hear a shout!
You block the quokka's attack.
You closely miss the quokka. The quokka bites you.
You block the quokka's attack.
You take 3 damage, and have 35/38 hp.
You hit the quokka. The quokka misses you.
You closely miss the quokka. The quokka completely misses you.
The quokka bites you.
You take 4 damage, and have 31/38 hp.
You barely miss the quokka.
You kill the quokka!
You barely miss the orc. You block the orc's attack.
The orc warrior misses you.
You barely miss the orc. The orc hits you but does no damage.
The orc warrior hits you from afar with a halberd!!
Ouch! That really hurt!
* * * LOW HITPOINT WARNING * * *
You take 22 damage, and have 10/38 hp.
MASSIVE DAMAGE!!
The orc wizard gestures wildly while chanting.
The orc wizard blinks!
Unknown command.
The orc closely misses you.
An adder comes into view.
The adder hisses angrily.
It was a potion of brilliance.
You feel clever all of a sudden.
You barely miss the adder. You block the adder's attack.
The orc warrior misses you.
You closely miss the adder.
Your tail-slap misses the adder.
The adder bites you.
* * * LOW HITPOINT WARNING * * *
You are poisoned.
The adder poisons you!
The orc warrior hits you from afar with a halberd.
* * * LOW HITPOINT WARNING * * *
You block the adder's attack.
You take 2 damage, and have 10/38 hp.
You closely miss the adder.
You feel sick. The adder closely misses you.
The orc hits you but does no damage.
The orc warrior hits you from afar with a halberd!
You die...

..# ## ..# #. ..#
#. #.# #. #.#
######. #.#
.......###.######
#..o.o.oo@#
#.#####o#S# #.#
#.#.# #.# #.#รท#
#o# #.#.#
#######.#####.#.#
.......o...##.#.#
.######.##.##.#<#
#.##.# #.#


You could see an orc warrior, an orc wizard, an adder and 3 orcs.

Vanquished Creatures
  An adder (D:2)
  2 oozes
  2 worms
  2 dart slugs (D:1)
  3 leopard geckos
  2 giant cockroaches (D:1)
  5 goblins
  8 hobgoblins
  3 jackals (D:1)
  2 quokkas
  A ball python (D:3)
  6 bats
  4 frilled lizards
  2 kobolds (D:1)
  7 rats
50 creatures vanquished.

Notes
Turn   | Place    | Note
-------+----------+-------------------------------------------
     0 | D:1      | mhoghedin the Draconian Wizard began the quest for the Orb.
     0 | D:1      | Reached XP level 1. HP: 14/14 MP: 4/4
    48 | D:1      | Reached skill level 1 in Fighting
   236 | D:1      | Reached XP level 2. HP: 24/24 MP: 0/6
   295 | D:1      | Reached skill level 2 in Fighting
   641 | D:1      | Learned a level 2 spell: Blink
   644 | D:1      | Learned a level 2 spell: Call Imp
   858 | D:1      | Reached skill level 1 in Shields
   858 | D:1      | Reached XP level 3. HP: 28/30 MP: 7/7
  1575 | D:2      | Reached skill level 3 in Fighting
  1726 | D:2      | Found an iron altar of Okawaru.
  1756 | D:2      | Found a faded altar of an unknown god.
  2025 | D:2      | Found a shadowy altar of Dithmenos.
  2044 | D:2      | Reached XP level 4. HP: 14/38 MP: 1/8
  2052 | D:2      | HP: 9/38 [poisoned by an adder]
  2058 | D:2      | HP: 7/38 [poisoned by an adder]
  2065 | D:2      | HP: 6/38 [poisoned by an adder]
  2073 | D:2      | HP: 5/38 [poisoned by an adder]
  2479 | D:3      | Reached skill level 2 in Shields
  2643 | D:3      | Noticed an orc warrior
  2677 | D:3      | HP: 9/38 [poisoned by an adder]
  2677 | D:3      | Slain by an orc warrior

Vault maps used:
D:1:      evilmike_arrival_fibonacci_small
D:2:      nicolae_dithmenos_shadow_blocks, chequers_ecumenical_altar_twisty,
          first_ration, kennysheep_okawaru_gauntlet
D:3:      uniq_sigmund, uniq_robin

Skill      XL: |  1  2  3  4 |
---------------+-------------+-----
Fighting       | 1 2 3 |  3.4
Shields        | 1 2 |  2.1
Dodging        | |  1.7
Stealth        | |  1.7
Spellcasting   | |  3.0
Conjurations   | |  1.0
Summonings     | |  1.0
Translocations | |  1.0

Action                   |  1- 3 |  4- 6 || total
-------------------------+-------+-------++-------
Melee: Unarmed           |    11 |       ||    11
       Tailslap          |    18 |     2 ||    20
       Whip              |   186 |    26 ||   212
 Cast: Magic Dart        |    21 |     1 ||    22
  Use: Scroll            |     1 |       ||     1
       Potion            |       |     1 ||     1
 Stab: Sleeping          |     3 |       ||     3
  Eat: Chunk             |     4 |       ||     4
       Ration            |       |     1 ||     1
Armor: Skin              |    49 |     1 ||    50
Dodge: Dodged            |   112 |    12 ||   124
Block: Buckler           |    43 |     9 ||    52

Table legend:
 A = Spawn XP
 B = Non-spawn XP
 C = Spawn XP percentage of total XP
 D = Spawn monster count
 E = Non-spawn monster count
 F = Spawn count percentage of total count
 G = Total turns spent on level
                    A         B        C        D         E        F      G
               +---------+---------+-------+---------+---------+-------+---------
         Total |       0 |     117 |   0.0 |       0 |      50 |   0.0 |  2677
               +---------+---------+-------+---------+---------+-------+---------
           D:1 |       0 |      58 |   0.0 |       0 |      29 |   0.0 |  1384
           D:2 |       0 |      43 |   0.0 |       0 |      16 |   0.0 |  1077
           D:3 |       0 |      16 |   0.0 |       0 |       5 |   0.0 |   216
               +---------+---------+-------+---------+---------+-------+---------

Vault maps used:
D:1:      evilmike_arrival_fibonacci_small
D:2:      nicolae_dithmenos_shadow_blocks, chequers_ecumenical_altar_twisty,
          first_ration, kennysheep_okawaru_gauntlet
D:3:      uniq_sigmund, uniq_robin

Table legend:
 A = Turns spent in this place as a percentage of turns spent in the entire game.
 B = Non-inter-level travel turns spent in this place as a percentage of non-inter-level travel turns spent in the entire game.
 C = Inter-level travel turns spent in this place as a percentage of turns spent in this place.
 D = Turns resting spent in this place as a percentage of non-inter-level travel turns spent in this place.
 E = Turns spent auto-exploring this place as a percentage of non-inter-level travel turns spent in this place.
 F = Non-inter-level travel turns spent in this place divided by the number of levels of this place that you've seen.
                   A       B       C       D       E      F
               +-------+-------+-------+-------+-------+----------------------
         Total | 100.0 | 100.0 |   1.3 |  38.5 |  41.4 | 881.0
       Dungeon | 100.0 | 100.0 |   1.3 |  38.5 |  41.4 | 881.0
               +-------+-------+-------+-------+-------+----------------------

Table legend:
 A = Kills in this place as a percentage of kills in entire the game.
 B = Kills by you in this place as a percentage of kills by you in the entire game.
 C = Kills by friends in this place as a percentage of kills by friends in the entire game.
 D = Other kills in this place as a percentage of other kills in the entire game.
 E = Experience gained in this place as a percentage of experience gained in the entire game.
 F = Experience gained in this place divided by the number of levels of this place that you have seen.
                   A       B       C       D       E      F
               +-------+-------+-------+-------+-------+----------------------
         Total | 100.0 | 100.0 |   N/A |   N/A | 100.0 |  39.0
       Dungeon | 100.0 | 100.0 |   N/A |   N/A | 100.0 |  39.0
               +-------+-------+-------+-------+-------+----------------------
